 Dungeon Crawl Stone Soup version 0.22-a0-858-g985ef60 (webtiles) character file.

39 Amnesiac the Vexing (level 3, 0/24 HPs)
             Began as a Mummy Enchanter on July 27, 2018.
             Slain by Sigmund
             ... wielding a +0 scythe
              (7 damage)
             ... on level 2 of the Dungeon.
             The game lasted 00:03:17 (1522 turns).

Amnesiac the Vexing (Mummy Enchanter)               Turns: 1522, Time: 00:03:18

Health: 0/24       AC:  2    Str: 11    XL:     3   Next: 26%
Magic:  1/7        EV: 12    Int: 15    God:
Gold:   21         SH:  0    Dex: 12    Spells: 4/8 levels left

rFire    x . .     SeeInvis .   c - +0 mace
rCold    + . .     Gourm    .   (no shield)
rNeg     + + +     Faith    .   b - +0 robe
rPois    ∞         Spirit   .   (no helmet)
rElec    .         Reflect  .   (no cloak)
rCorr    .         Harm     .   (no gloves)
MR       .....                  (no boots)
Stlth    +.........             (no amulet)
HPRegen  0.08/turn              (no ring)
MPRegen  0.10/turn              (no ring)

@: confused
A: no food or potions, fire vulnerability, cold resistance 1, negative energy
resistance 3, torment resistance, unbreathing
a: no special abilities


You were on level 2 of the Dungeon.
You were not hungry.

You visited 1 branch of the dungeon, and saw 2 of its levels.

You collected 21 gold pieces.

Inventory:

Hand Weapons
 a - a +1 dagger
 c - a +0 mace (weapon)
Armour
 b - a +0 robe (worn)
Scrolls
 d - a scroll of teleportation {!r, unknown}


   Skills:
 - Level 0.7 Short Blades
 - Level 1.5 Dodging
 - Level 2.4 Stealth
 + Level 3.4 Spellcasting
 * Level 3.6 Hexes


You had 4 spell levels left.
You knew the following spells:

 Your Spells              Type           Power        Failure   Level  Hunger
a - Corona                Hex            ##.....      4%          1    N/A
e - Confuse               Hex            ##......     13%         3    N/A

Your spell library contained the following spells:

 Spells                   Type           Power        Failure   Level  Hunger
 Tukima's Dance           Hex            ##......     13%         3    N/A
 Ensorcelled Hibernation  Hex/Ice        #.....       14%         2    N/A
 Dazzling Spray           Conj/Hex       #.....       26%         3    N/A

Dungeon Overview and Level Annotations

Branches:
Dungeon (2/15)

Altars:

Annotations:
D:2 Sigmund


Innate Abilities, Weirdness & Mutations

You do not eat or drink.
Your flesh is vulnerable to fire.
You are immune to poison.
Your flesh is cold resistant. (rC+)
You are immune to negative energy. (rN+++)
You are immune to unholy pain and torment.
You can survive without breathing.


Message History

There is a stone staircase leading down here.
You start resting.
HP restored.
You start resting.
HP restored.
You climb downwards.
Level annotation: Sigmund
There is a stone staircase leading up here.
Casting: Confuse (safe; 13% risk of failure)
Confirm with . or Enter, or press ? or * to list all spells.
Aiming: Confuse (safe; 13% risk of failure)
Press: ? - help, Shift-Dir - straight line, f - Sigmund
Aim: Sigmund, wielding a scythe and wearing a robe (chance to defeat MR: 52%) Sigmund resists with significant effort.
Sigmund misses you.
Casting: Confuse (safe; 13% risk of failure)
Confirm with . or Enter, or press ? or * to list all spells.
Aiming: Confuse (safe; 13% risk of failure)
Press: ? - help, Shift-Dir - straight line, f/p - Sigmund
Aim: Sigmund, wielding a scythe and wearing a robe (chance to defeat MR: 52%) Sigmund appears confused.
Wield which item (- for none, * to show all)? (? for menu, Esc to quit)
a - a +1 dagger (weapon)
Sigmund chortles and stares into space.
You hit Sigmund.
Sigmund is lightly wounded.
You catch the helpless Sigmund completely off-guard!
You puncture Sigmund!
Sigmund is moderately wounded.
Sigmund barely misses you.
You hit Sigmund but do no damage.
Sigmund is moderately wounded.
Sigmund cries.
You strike the helpless Sigmund from behind!
You puncture Sigmund!
Sigmund is severely wounded.
You hit Sigmund.
Sigmund is severely wounded.
You hit Sigmund but do no damage.
Sigmund is severely wounded.
You hit Sigmund.
Sigmund is almost dead.
Sigmund hits you with a scythe!
Ouch! That really hurt!
* * * LOW HITPOINT WARNING * * *
You hit Sigmund but do no damage.
Sigmund is almost dead.
Sigmund seems less confused.
Sigmund hits you with a scythe.
* * * LOW HITPOINT WARNING * * *
Casting: Confuse (safe; 13% risk of failure)
Confirm with . or Enter, or press ? or * to list all spells.
Aiming: Corona (safe; 4% risk of failure)
Press: ? - help, Shift-Dir - straight line, f/p - Sigmund
Aim: Sigmund, wielding a scythe and wearing a robe (almost dead, chance to defeat MR: 58%) Sigmund is outlined in light.
Unknown command.
Wield which item (- for none, * to show all)? (? for menu, Esc to quit)
c - a +0 mace (weapon)
Sigmund gestures at you while chanting.
You are confused.
You hit Sigmund.
Sigmund is almost dead.
Sigmund hits you with a scythe!
You die...

###S.>..#######!####
#...#######.....#
###.######...!#####
#.....S....#############
#########!........##...#
#..#######......# ##.##
####†..# ######..# #...#
#..÷)@@.# #...#
#...<...# #####
#.......########
#..............#
##############.#
#..%..... #########


You could see Sigmund.

Vanquished Creatures
  2 adders (D:2)
  An ooze (D:1)
  A leopard gecko (D:1)
  4 bats
  A hobgoblin (D:2)
  2 jackals (D:2)
  A kobold (D:1)
  A frilled lizard (D:2)
  3 goblins (D:1)
16 creatures vanquished.

Notes
Turn   | Place    | Note
-------+----------+-------------------------------------------
     0 | D:1      | Amnesiac the Mummy Enchanter began the quest for the Orb.
     0 | D:1      | Reached XP level 1. HP: 13/13 MP: 4/4
    97 | D:1      | Reached XP level 2. HP: 7/19 MP: 4/6
   569 | D:2      | Noticed Sigmund
  1053 | D:2      | Reached XP level 3. HP: 18/24 MP: 5/7
  1099 | D:1      | Learned a level 3 spell: Confuse
  1522 | D:2      | Slain by Sigmund

Vault maps used:
D:1:      minmay_arrival_open_corners
D:2:      first_ration, uniq_sigmund

Skill      XL: |  1 |
---------------+----+-----
Spellcasting   | 3 |  3.4
Hexes          | 3 |  3.6
Short Blades   | |  0.7
Dodging        | |  1.5
Stealth        | |  2.4

Action                   || total
-------------------------++-------
Melee: Mace              ||    53
       Dagger            ||     9
 Cast: Corona            ||    18
       Confuse           ||     5
 Stab: Sleeping          ||     1
       Confused          ||     3
Armor: Robe              ||    16
Dodge: Dodged            ||    46

Table legend:
 A = Spawn XP
 B = Non-spawn XP
 C = Spawn XP percentage of total XP
 D = Spawn monster count
 E = Non-spawn monster count
 F = Spawn count percentage of total count
 G = Total turns spent on level
                    A         B        C        D         E        F      G
               +---------+---------+-------+---------+---------+-------+---------
         Total |       0 |      56 |   0.0 |       0 |      16 |   0.0 |  1522
               +---------+---------+-------+---------+---------+-------+---------
           D:1 |       0 |      21 |   0.0 |       0 |       8 |   0.0 |  1094
           D:2 |       0 |      35 |   0.0 |       0 |       8 |   0.0 |   428
               +---------+---------+-------+---------+---------+-------+---------
